 Dungeon Crawl Stone Soup version 0.22-a0-799-g88f5e907b7 (webtiles) character file.

1849627 Flugkiller the Slayer (level 27, 269/269 HPs)
             Began as a Minotaur Fighter on July 20, 2018.
             Was the Champion of Qazlal.
             Escaped with the Orb
             ... and 3 runes on July 21, 2018!
             The game lasted 02:22:23 (59756 turns).

Flugkiller the Slayer (Minotaur Fighter)           Turns: 59756, Time: 02:22:24

Health: 269/269    AC: 54    Str: 26    XL:     27
Magic:  38/38      EV: 18    Int:  9    God:    Qazlal [******]
Gold:   3186       SH: 28    Dex: 17    Spells: 33/36 levels left

rFire    + + +     SeeInvis +   P - +9 broad axe (chop)
rCold    + . .     Gourm    .   c - +5 shield "Usuygg" {rElec rF+ Int-5 Dex+8}
rNeg     . . .     Faith    .   J - +11 gold dragon scales
rPois    +         Spirit   .   D - +1 hat {MR+}
rElec    +         Reflect  .   V - +0 cloak {MR+}
rCorr    .         Harm     .   L - +1 pair of gloves
MR       ++++.                  u - +0 pair of boots {run}
Stlth    ..........             W - amulet of regeneration
HPRegen  0.94/turn              l - ring "Qielaly" {+Inv rF+++ Int+3 Dex-5 SInv}
MPRegen  0.26/turn              Y - +5 ring of protection

@: studying Translocations, repel missiles, quick
A: retaliatory headbutt, horns 2, talons 1, icy blue scales 1, molten scales 1,
agile 1, shaggy fur 1
0: Orb of Zot
}: 3/15 runes: barnacled, silver, gossamer
a: Upheaval, Elemental Force, Disaster Area, Renounce Religion, Evoke
Invisibility


You escaped.
You worshipped Qazlal.
Qazlal was exalted by your worship.
You were not hungry.

You visited 9 branches of the dungeon, and saw 47 of its levels.
You also visited: Labyrinth, Ossuary, Bailey, Ice Cave, Wizlab and Desolation.

You collected 5608 gold pieces.
You spent 2422 gold pieces at shops.

Inventory:

Hand Weapons
 H - the +3 broad axe of Honour {speed, +Rage MR+}
   (You acquired it on level 14 of the Dungeon)

   Attacks with this weapon are significantly faster.
   It affects your resistance to hostile enchantments.
   It lets you go berserk.
 P - a +9 broad axe of chopping (weapon)
Armour
 c - the +5 shield "Usuygg" (worn) {rElec rF+ Int-5 Dex+8}
   (You found it on level 2 of the Spider Nest)

   It affects your intelligence (-5).
   It affects your dexterity (+8).
   It protects you from fire.
   It insulates you from electricity.
 u - a +0 pair of boots of running (worn)
 D - a +1 hat of magic resistance (worn)
 J - +11 gold dragon scales (worn)
 L - a +1 pair of gloves (worn)
 T - a +1 shield of protection
 V - a +0 cloak of magic resistance (worn)
Jewellery
 l - the ring "Qielaly" (left hand) {+Inv rF+++ Int+3 Dex-5 SInv}
   (You took it off a ragged hierophant in the Desolation of Salt)

   [ring of see invisible]

   It affects your intelligence (+3).
   It affects your dexterity (-5).
   It renders you almost immune to fire.
   It lets you see invisible.
   It lets you turn invisible.
 W - an amulet of regeneration (around neck)
 Y - a +5 ring of protection (right hand)
Wands
 e - a wand of digging (56)
 k - a wand of iceblast (10)
 r - a wand of disintegration (115)
 E - a wand of paralysis (30)
 F - a wand of acid (16)
 S - a wand of enslavement (25)
Scrolls
 a - 17 scrolls of identify
 i - a scroll of holy word
 j - 9 scrolls of fog
 m - 17 scrolls of teleportation
 v - 12 scrolls of blinking
 x - 7 scrolls of fear
 y - 16 scrolls of remove curse
 O - a scroll of enchant weapon
 Z - 3 scrolls of silence
Potions
 b - 3 potions of resistance
 d - 7 potions of might
 h - 3 potions of invisibility
 o - 9 potions of ambrosia
 p - 13 potions of agility
 q - 2 potions of brilliance
 s - 19 potions of curing
 w - 9 potions of flight
 C - 4 potions of heal wounds
 I - 10 potions of haste
 M - 7 potions of magic
Books
 U - a manual of Translocations
Miscellaneous
 g - a phial of floods
 K - a lightning rod (4/4)
Comestibles
 f - 79 rations


   Skills:
 + Level 26.0 Fighting
 - Level 18.0 Axes
 + Level 24.9 Armour
 + Level 20.6 Dodging
 - Level 15.0 Shields
 - Level 5.0 Spellcasting
 - Level 9.1 Translocations
 * Level 24.1 Invocations
 - Level 5.0 Evocations


You had 33 spell levels left.
You knew the following spells:

 Your Spells              Type           Power        Failure   Level  Hunger
q - Apportation           Tloc           ###...       4%          1    #......
r - Blink                 Tloc           N/A          7%          2    ##.....

Your spell library contained the following spells:

 Spells                   Type           Power        Failure   Level  Hunger
 Cause Fear               Hex            #.........   100%        4    #####..
 Magic Dart               Conj           #...         89%         1    #......
 Fireball                 Conj/Fire      #.........   100%        5    ######.
 Conjure Flame            Conj/Fire      #.......     99%         3    ###....
 Lightning Bolt           Conj/Air       #.........   100%        5    ######.
 Slow                     Hex            #.......     96%         2    ##.....
 Confuse                  Hex            #.......     99%         3    ###....
 Invisibility             Hex            #.......     100%        6    #######
 Throw Flame              Conj/Fire      #.....       96%         2    ##.....
 Throw Frost              Conj/Ice       #.....       96%         2    ##.....
 Freezing Cloud           Conj/Ice/Air   #.........   100%        6    #######
 Mephitic Cloud           Conj/Pois/Air  #.......     99%         3    ###....
 Olgreb's Toxic Radiance  Pois           #.......     100%        4    #####..
 Death's Door             Chrm/Necr      #.........   100%        8    #######
 Summon Small Mammal      Summ           #...         89%         1    #......
 Bolt of Draining         Conj/Necr      #.........   100%        5    ######.
 Iskenderun's Mystic Bla  Conj           #.......     100%        4    #####..
 Animate Dead             Necr           N/A          100%        4    #####..
 Pain                     Necr           #...         89%         1    #......
 Animate Skeleton         Necr           N/A          89%         1    #......
 Vampiric Draining        Necr           #.........   99%         3    ###....
 Haunt                    Necr/Summ      #.........   100%        7    #######
 Borgnjor's Revivificati  Necr           #.........   100%        8    #######
 Freeze                   Ice            #...         89%         1    #......
 Sticky Flame             Conj/Fire      #.......     100%        4    #####..
 Summon Ice Beast         Ice/Summ       #.......     100%        4    #####..
 Ozocubu's Armour         Chrm/Ice       #.......     99%         3    ###....
 Call Imp                 Summ           #.......     96%         2    ##.....
 Dispel Undead            Necr           #.......     100%        5    ######.
 Regeneration             Chrm/Necr      #.........   99%         3    ###....
 Sting                    Conj/Pois      #...         89%         1    #......
 Sublimation of Blood     Necr           #.........   96%         2    ##.....
 Tukima's Dance           Hex            #.......     99%         3    ###....
 Summon Demon             Summ           #.........   100%        5    ######.
 Stone Arrow              Conj/Erth      #.....       99%         3    ###....
 Swiftness                Chrm/Air       #.......     96%         2    ##.....
 Recall                   Summ/Tloc      N/A          67%         3    ###....
 Statue Form              Tmut/Erth      #........    100%        6    #######
 Dragon Form              Tmut           #.........   100%        7    #######
 Necromutation            Tmut/Necr      #.........   100%        8    #######
 Death Channel            Necr           #.........   100%        6    #######
 Deflect Missiles         Chrm/Air       #.........   100%        6    #######
 Throw Icicle             Conj/Ice       #.......     100%        4    #####..
 Shadow Creatures         Summ           N/A          100%        6    #######
 Confusing Touch          Hex            #.....       89%         1    #......
 Flame Tongue             Conj/Fire      #....        89%         1    #......
 Passwall                 Tmut/Erth      #.......     96%         2    ##.....
 Call Canine Familiar     Summ           #.......     99%         3    ###....
 Ensorcelled Hibernation  Hex/Ice        #.....       96%         2    ##.....
 Summon Butterflies       Summ           #.......     89%         1    #......
 Silence                  Hex/Air        #.........   100%        5    ######.
 Shatter                  Erth           #.........   100%        9    #######
 Static Discharge         Conj/Air       #.......     99%         3    ###....
 Corona                   Hex            #......      89%         1    #......
 Alistair's Intoxication  Tmut/Pois      #.......     100%        5    ######.
 Lee's Rapid Deconstruct  Erth           #.........   100%        5    ######.
 Sandblast                Erth           #.....       89%         1    #......
 Simulacrum               Ice/Necr       #.........   100%        6    #######
 Conjure Ball Lightning   Conj/Air       #.........   100%        6    #######
 Portal Projectile        Hex/Tloc       ##....       67%         3    ###....
 Petrify                  Tmut/Erth      #.......     100%        4    #####..
 Passage of Golubria      Tloc           N/A          43%         4    #####..
 Tornado                  Air            #.........   100%        9    #######
 Leda's Liquefaction      Hex/Erth       #.........   100%        4    #####..
 Darkness                 Hex            #.........   100%        6    #######
 Shroud of Golubria       Chrm/Tloc      ##........   43%         2    ##.....
 Inner Flame              Hex/Fire       #.......     99%         3    ###....
 Aura of Abjuration       Summ           #.........   100%        5    ######.
 Iskenderun's Battlesphe  Conj/Chrm      #.......     100%        5    ######.
 Fulminant Prism          Conj/Hex       #.........   100%        4    #####..
 Dazzling Spray           Conj/Hex       #.....       99%         3    ###....
 Force Lance              Conj/Tloc      ##......     97%         4    #####..
 Infusion                 Chrm           #...         89%         1    #......
 Song of Slaying          Chrm           #.......     96%         2    ##.....
 Spectral Weapon          Hex/Chrm       #.......     99%         3    ###....
 Searing Ray              Conj           #.....       96%         2    ##.....
 Discord                  Hex            #.........   100%        8    #######
 Summon Forest            Summ/Tloc      ##........   100%        5    ######.
 Summon Lightning Spire   Summ/Air       #.......     100%        4    #####..
 Summon Guardian Golem    Hex/Summ       #.......     99%         3    ###....
 Spellforged Servitor     Conj/Summ      #.........   100%        7    #######
 Summon Mana Viper        Hex/Summ       #.......     100%        5    ######.
 Hydra Form               Tmut           #.........   100%        6    #######
 Irradiate                Conj/Tmut      #.........   100%        5    ######.
 Yara's Violent Unravell  Hex/Tmut       #.........   100%        5    ######.
 Infestation              Necr           #.........   100%        8    #######
 Lesser Beckoning         Tloc           ###.......   14%         3    ###....
 Ignition                 Fire           #.........   100%        8    #######
 Borgnjor's Vile Clutch   Necr/Erth      #.........   100%        5    ######.


Dungeon Overview and Level Annotations

Branches:
Dungeon (15/15)            Temple (1/1) D:5            Lair (6/6) D:10
 Shoals (4/4) Lair:2       Spider (4/4) Lair:4        Slime (0/5) Lair:5
    Orc (2/2) D:9             Elf (0/3) Orc:2        Vaults (5/5) D:14
  Crypt (0/3) Vaults:3     Depths (5/5) D:15            Zot (5/5) Depths:5

Altars:
Ashenzari
Cheibriados
Dithmenos
Elyvilon
Fedhas
Gozag
Hepliaklqana
Makhleb
Nemelex Xobeh
Okawaru
Qazlal
Ru
Sif Muna
Trog
Uskayaw
Vehumet
Wu Jian
Yredelemnul
Zin
The Shining One
Beogh
Jiyva

Shops:
D:4 [   D:9 [   D:15 !}**?   Orc:2 }!(*   Vaults:3 *   Depths:3 ==}

Portals:
Hell: Depths:1 Depths:2 Depths:3 Depths:4 Depths:5
Abyss: Depths:3 Depths:4 Depths:5
Pandemonium: Orc:2 Depths:3 Depths:4
Ziggurat: Depths:4
Trove: D:14 (give 7 potions of haste)

Annotations:
D:4 3 runed doors, Ywein's ghost, amateur MiBe
D:14 exclusion: Roxanne, Roxanne
Lair:5 3 runed doors, Mictavius's ghost, journeyman BaSk
Spider:2 1 runed door, shruggingcutely's ghost, adept MfIE
Depths:2 8 runed doors
Zot:1 1 exclusion
Zot:4 1 transporter


Innate Abilities, Weirdness & Mutations

You reflexively headbutt those who attack you in melee.
You have a pair of horns on your head.
You have sharp toenails.
You are partially covered in icy blue scales. (AC +2)
You are partially covered in molten scales. (AC +2)
You are agile. (Dex +2)
You are covered in fur. (AC +1)


Message History

You open the lid... ...and a juvenile shockweird beast leaps out!
Your juvenile shockbat beast is struck by lightning.
Evoke which item? (* to show all) (? for menu, Esc to quit)
Okay, then.
Unknown command.
Evoke which item? (* to show all) (? for menu, Esc to quit)
You open the lid... ...and a juvenile stingweird beast leaps out!
The now-empty box falls apart.
Your juvenile shockbat beast is struck by lightning.
Evoke which item? (* to show all) (? for menu, Esc to quit)
You don't have any such object.
Evoke which item? (* to show all) (? for menu, Esc to quit)
That's the wrong kind of item! (Use * to select it.) Evoke which item? (* to show all) (? for menu, Esc to quit)
Okay, then.
Evoke which item? (* to show all) (? for menu, Esc to quit)
Okay, then.
You have escaped!

##########.#####
#######.# #.......#
#.####### #####
##### ##### #
#.......# #...#
#...# #...# #
#....##.# #.♣.#
#.>.# #.>.# #
#....##.#
#gg.###...###...###
#....##.#
#KrHH..............
#....##.#
#b@bH§.............
####.......#
#HHHH..............
#..........#
#ggH###...###...###
#.######.#.# #§♣.#
#...# #...# #
#.##...^.#.# #...#
#...# #...# #
#....#####.# #####
##### ##### #
###### ###


You could see 8 friendly mutant beasts, 2 friendly hobgoblins, 2 friendly
goblins, 2 friendly bats, a friendly kobold and a friendly rat.

Vanquished Creatures
  8 orbs of fire
  3 ancient liches
  2 juggernauts
  4 caustic shrikes
  A curse toe (Zot:5)
  2 Killer Klowns (Zot:5)
  7 golden dragons
  Nikola (Spider:1)
  2 bone dragons (Depths:5)
  A lich (Depths:2)
  A Tzitzimitl (D:8)
  9 tentacled monstrosities
  Jorgrun (Depths:1)
  Rupert (D:12)
  5 electric golems
  A Hell Sentinel (D:15)
  8 titans
  An Ice Fiend (IceCv)
  23 Orb Guardians
  10 quicksilver dragons
  Polyphemus (Shoals:3)
  An ancient champion (Vaults:3)
  Gastronok (Lair:1)
  2 pandemonium lords (D:14)
  12 shadow dragons
  Kirke (Shoals:3)
  7 sphinxes
  8 death cobs
  A tengu reaver (Vaults:5)
  Donald (Spider:1)
  A revenant (Vaults:3)
  9 storm dragons
  4 draconian monks
  12 draconian knights
  Ilsuiw (Shoals:3)
  14 frost giants
  5 ghost moths
  Aizul (Shoals:2)
  4 fire giants
  3 iron dragons
  5 deep elf sorcerers
  3 emperor scorpions
  An imperial myrmidon (Desolation)
  16 vault wardens
  Louise (Spider:3)
  8 draconian shifters
  7 draconian scorchers
  3 spriggan defenders (Depths:4)
  An angel (D:8)
  2 cacodemons (Zot:4)
  9 draconian annihilators
  23 very ugly things
  8 ironheart preservers
  5 draconian stormcallers
  A war gargoyle (Vaults:5)
  A reaper (Depths:3)
  20 stone giants
  22 green draconians
  5 entropy weavers
  6 vampire knights
  A minotaur (Lab)
  2 lorocyprocas
  22 purple draconians
  16 black draconians
  11 red draconians
  2 halazid warlocks (Desolation)
  13 white draconians
  9 spark wasps
  11 yellow draconians
  Azrael (D:13)
  3 deep elf annihilators
  12 merfolk impalers
  9 statues (WizLab)
  2 deep elf death magi
  11 ettins
  6 merfolk javelineers
  2 crystal guardians (Desolation)
  Josephine (Lair:6)
  13 fire dragons
  24 yaktaur captains
  8 great orbs of eyes
  2 deep elf high priests
  5 ragged hierophants (Desolation)
  Harold (D:12)
  4 servants of whispers (Desolation)
  11 ice dragons
  2 hell beasts
  15 centaur warriors
  5 rakshasas
  8 hydras
  5 merfolk avatars
  5 spriggan air magi
  A monstrous demonspawn (Depths:3)
  8 merfolk aquamancers
  33 vault guards
  A catoblepas (Shoals:3)
  5 peacekeepers (Desolation)
  3 death knights
  2 tengu warriors
  11 ogre magi
  47 two-headed ogres
  2 satyrs
  13 death yaks
  12 deep troll shamans
  4 hell hogs (Depths:2)
  8 deep troll earth magi
  A queen ant (Lair:3)
  7 hell knights
  9 orc high priests
  2 spriggan berserkers
  2 shock serpents (shapeshifter)
  Sonja (Lair:1)
  11 deep elf knights
  A soul eater (Orc:2)
  19 slime creatures
  2 sea snakes (shapeshifter)
  A sixfirhy (Depths:3)
  A salamander mystic (Depths:5)
  3 iron trolls
  3 flayed ghosts
  7 sea snakes
  2 unseen horrors
  3 gelid demonspawn
  5 glowing orange brains
  2 shadow wraiths
  5 shadow demons
  23 deep trolls
  2 swamp dragons (shapeshifter)
  8 deep elf archers
  28 ironbrand convokers
  Pikel (D:8)
  29 harpies
  2 torturous demonspawn
  5 phantasmal warriors
  48 ugly things
  A harpy (shapeshifter) (Vaults:2)
  3 necromancers
  4 wizards
  24 wolf spiders
  18 fauns
  15 orb spiders
  10 orc sorcerers
  A wolf spider zombie (D:15)
  21 orc knights
  A wolf spider (shapeshifter) (Vaults:5)
  A moth of wrath (shapeshifter) (Depths:4)
  19 manticores
  3 salamanders (Depths:5)
  22 moths of wrath
  27 deep elf magi
  A cyclops (shapeshifter) (Vaults:5)
  5 guardian serpents (Desolation)
  10 cyclopes
  9 black mambas
  A guardian serpent (shapeshifter) (Vaults:1)
  Maurice (D:9)
  4 ice statues (IceCv)
  8 merfolk sirens
  16 vault sentinels
  11 elephants
  A salamander (shapeshifter) (Vaults:5)
  2 smoke demons
  A water nymph (shapeshifter) (Vaults:5)
  3 molten gargoyles (Desolation)
  A rust devil (D:14)
  A torpor snail (Lair:6)
  A stone giant skeleton (Vaults:4)
  An apocalypse crab (Zot:1)
  6 water nymphs
  5 gargoyles
  7 spiny frogs
  A hellion (D:14)
  A human skeleton (Vaults:4)
  A rime drake (shapeshifter) (Depths:4)
  2 rime drakes (Lair:4)
  A komodo dragon (shapeshifter) (Depths:5)
  2 hellwings
  45 yaktaurs
  10 komodo dragons
  A golden dragon simulacrum (IceCv)
  5 freezing wraiths
  A redback zombie (D:15)
  9 demonic crawlers
  11 ice devils
  6 kobold demonologists
  29 merfolk
  A minotaur skeleton (Lab)
  4 anaconda simulacra (IceCv)
  4 tengu conjurers
  3 meliai (shapeshifter)
  13 trolls
  2 red devils
  A polar bear (shapeshifter) (Vaults:3)
  7 polar bears
  A queen bee (Lair:1)
  23 jumping spiders
  A wind drake (shapeshifter) (Depths:4)
  A hippogriff (shapeshifter) (Vaults:3)
  13 hornets
  4 wind drakes
  51 saltlings (Desolation)
  6 blink frogs
  A raiju (shapeshifter) (Vaults:2)
  17 dream sheep
  12 snapping turtles
  9 hippogriffs
  A blink frog (shapeshifter) (Depths:5)
  2 meliai zombies
  A shadow (D:12)
  26 tarantellas
  A yak (shapeshifter) (Depths:4)
  88 redbacks
  4 redbacks (shapeshifter)
  A spriggan (shapeshifter) (Vaults:4)
  18 spriggans
  4 wraiths
  A wyvern (Lair:2)
  26 water elementals
  A fire bat (shapeshifter) (Vaults:1)
  21 yaks
  A wyvern (shapeshifter) (Depths:4)
  3 fire elementals (D:13)
  2 humans (shapeshifter) (Depths:4)
  3 basilisks
  2 dire elephant simulacra (IceCv)
  A golden eye (shapeshifter) (Vaults:5)
  3 hogs (Shoals:3)
  3 vampire mosquitoes (D:12)
  2 human simulacra (Vaults:2)
  2 neqoxecs
  Grum (D:8)
  8 hungry ghosts
  9 wargs
  A chaos spawn (Depths:3)
  A yaktaur simulacrum (Vaults:3)
  An iron troll simulacrum (IceCv)
  A warg (shapeshifter) (Depths:4)
  A harpy simulacrum (IceCv)
  4 acid dragons
  20 soldier ants
  A soldier ant (shapeshifter) (Vaults:5)
  10 water moccasins
  A hydra simulacrum (IceCv)
  14 hell hounds
  2 floating eyes
  46 orc warriors
  3 black bears
  6 porcupines
  6 ice beasts
  2 slaves (D:8)
  2 eyes of draining
  3 phantoms
  2 sky beasts (D:11)
  22 ogres
  32 wolves
  13 boggarts
  25 centaurs
  A wolf (shapeshifter) (Depths:4)
  A crocodile (shapeshifter) (Depths:2)
  11 crocodiles
  A big kobold (shapeshifter) (Depths:4)
  2 big kobolds
  18 bullfrogs
  2 bullfrogs (shapeshifter)
  A glowing shapeshifter simulacrum (Vaults:4)
  4 scorpions
  28 killer bees
  12 wights
  4 electric eels
  4 howler monkeys
  12 crimson imps
  3 bullfrog zombies
  4 centaur zombies
  2 quasits (Depths:3)
  A wyvern simulacrum (D:14)
  3 centaur skeletons
  A human zombie (Ossuary)
  3 hounds
  5 jellies
  27 orc wizards
  3 bullfrog skeletons
  27 orc priests
  3 iron imps
  Jessica (D:3)
  32 worker ants
  3 iguanas
  2 ogre zombies (Ossuary)
  A hound skeleton (D:6)
  7 mummies (Ossuary)
  Robin (D:2)
  2 worker ant zombies
  23 gnolls
  21 adders
  4 shadow imps
  A white imp (Depths:3)
  An ufetubus (Depths:3)
  An ooze (D:2)
  An adder skeleton (D:7)
  4 adder zombies
  3 worms
  A dart slug (D:1)
  5 leopard geckos
  135 orcs
  5 bats
  7 giant cockroaches
  2 gnoll zombies (Ossuary)
  20 hobgoblins
  20 jackals
  7 quokkas
  2 ball pythons
  6 frilled lizards
  A giant cockroach zombie (D:6)
  17 goblins
  3 goblin zombies (Ossuary)
  5 hobgoblin zombies (Ossuary)
  27 kobolds
  6 kobold zombies (Ossuary)
  A leopard gecko skeleton (D:6)
  An orc zombie (Ossuary)
  A quokka zombie (Ossuary)
  15 rats
  A rat (shapeshifter) (Depths:4)
  4 rat zombies (Ossuary)
  3 butterflies
  2 fungi
  13 plants
2571 creatures vanquished.

Vanquished Creatures (collateral kills)
  A tengu reaver (Depths:1)
  A vault warden (Vaults:5)
  A cacodemon (D:14)
  A very ugly thing (Vaults:5)
  An ettin (Depths:1)
  A merfolk impaler (Depths:1)
  An ugly thing (Depths:1)
  2 yaktaurs (Vaults:5)
9 creatures vanquished.

Vanquished Creatures (others)
  A storm dragon (Zot:1)
  A very ugly thing (Vaults:5)
  A white draconian (Zot:3)
  A shadow wraith (Vaults:1)
  A wolf spider (Spider:1)
  An ugly thing (D:14)
  A vault sentinel (Vaults:4)
  A gargoyle (Lab)
  2 saltlings (Desolation)
  4 redbacks
  2 humans (Shoals:3)
  An orc wizard (Orc:1)
  7 fungi
  10 plants
34 creatures vanquished.

Grand Total: 2614 creatures vanquished

Notes
Turn   | Place    | Note
-------+----------+-------------------------------------------
     0 | D:1      | Flugkiller the Minotaur Fighter began the quest for the Orb.
     0 | D:1      | Reached XP level 1. HP: 19/19 MP: 0/0
   258 | D:1      | Reached XP level 2. HP: 27/27 MP: 1/1
   574 | D:2      | Reached skill level 4 in Fighting
   616 | D:1      | Reached XP level 3. HP: 14/33 MP: 2/2
   961 | D:2      | Noticed Robin
   985 | D:2      | Killed Robin
   992 | D:2      | Reached XP level 4. HP: 19/40 MP: 3/3
  2065 | D:3      | Noticed a bullfrog
  2071 | D:3      | Killed a bullfrog
  2071 | D:3      | Reached skill level 5 in Axes
  2071 | D:3      | Reached XP level 5. HP: 43/47 MP: 4/4
  2105 | D:3      | Noticed Jessica
  2121 | D:3      | Killed Jessica
  2220 | D:3      | Found a shadowy altar of Dithmenos.
  2252 | D:3      | Reached skill level 5 in Fighting
  2393 | D:3      | Reached skill level 5 in Armour
  2452 | D:3      | Found a hide-covered altar of Uskayaw.
  2516 | D:4      | Reached XP level 6. HP: 56/56 MP: 5/5
  3085 | D:4      | Found Ygenuotu's Armour Shop.
  3329 | D:4      | Noticed a two-headed ogre
  3460 | D:4      | Found a runed gate.
  3461 | D:4      | Found a runed gate.
  3462 | D:4      | Found a runed gate.
  3462 | D:4      | Noticed Ywein's ghost (amateur MiBe)
  3523 | D:4      | Reached XP level 7. HP: 55/62 MP: 6/6
  4026 | D:5      | Entered Level 5 of the Dungeon
  4032 | D:5      | Reached skill level 6 in Fighting
  4043 | D:5      | Found a sand-covered staircase.
  4048 | Ossuary  | Entered an ossuary
  4981 | D:4      | Killed a two-headed ogre
  4981 | D:4      | Reached skill level 7 in Fighting
  4981 | D:4      | Reached XP level 8. HP: 32/73 MP: 7/7
  5182 | D:5      | Found a staircase to the Ecumenical Temple.
  5188 | Temple   | Entered the Ecumenical Temple
  5231 | Temple   | Became a worshipper of Qazlal Stormbringer
  5342 | D:5      | Reached skill level 1 in Invocations
  5359 | D:5      | Reached skill level 10 in Axes
  5598 | D:5      | Reached * piety under Qazlal
  5804 | D:6      | Reached XP level 9. HP: 52/81 MP: 9/9
  6290 | D:6      | Found a white marble altar of Elyvilon.
  6342 | D:6      | Reached skill level 8 in Fighting
  7224 | D:7      | Reached ** piety under Qazlal
  7866 | D:8      | Reached skill level 9 in Fighting
  8186 | D:8      | Noticed a manticore
  8187 | D:8      | Noticed a white ugly thing
  8192 | D:8      | Noticed a cyan ugly thing
  8193 | D:8      | Killed a manticore
  8193 | D:8      | Reached XP level 10. HP: 75/91 MP: 6/12
  8193 | D:8      | Noticed a centaur warrior
  8197 | D:8      | Killed a white ugly thing
  8199 | D:8      | Noticed a deep elf mage
  8392 | D:8      | Noticed a two-headed ogre
  8411 | D:8      | Killed a two-headed ogre
  8653 | D:8      | Noticed Grum
  8663 | D:8      | Killed Grum
  8779 | D:8      | Noticed Pikel
  8796 | D:8      | Killed Pikel
  8796 | D:8      | Reached skill level 5 in Invocations
  8902 | D:9      | Found Ephoed's Armour Boutique.
  8905 | D:9      | Found a staircase to the Orcish Mines.
  8939 | D:9      | Noticed Maurice
  8970 | D:9      | Killed Maurice
  8970 | D:9      | Reached skill level 10 in Fighting
  8970 | D:9      | Reached skill level 10 in Armour
  9115 | D:9      | Noticed a moth of wrath
  9117 | D:9      | Found a bloodstained altar of Trog.
  9325 | D:9      | Got a coiled bronze ring
  9492 | D:9      | Identified the ring "Lakhium" {+Blink rF+ Str+4 Dex+3} (You found it on level 9 of the Dungeon)
  9553 | D:9      | Found a burning altar of Makhleb.
  9555 | D:9      | Found a snail-covered altar of Cheibriados.
  9584 | D:9      | Found an iron altar of Okawaru.
  9855 | D:10     | Entered Level 10 of the Dungeon
  9930 | D:10     | Reached *** piety under Qazlal
  9972 | D:10     | Reached XP level 11. HP: 100/100 MP: 14/14
  9975 | D:10     | Found a staircase to the Lair.
 10102 | D:10     | Reached skill level 1 in Evocations
 10469 | Lair:1   | Entered Level 1 of the Lair of Beasts
 10880 | Lair:1   | Noticed Sonja
 10882 | Lair:1   | Killed Sonja
 10906 | Lair:1   | Identified Sif Muna's Compendium of Bewitchment
 10928 | Lair:1   | Noticed Gastronok
 11417 | Lair:1   | Killed Gastronok
 11417 | Lair:1   | Reached skill level 11 in Fighting
 12043 | Lair:2   | Found a labyrinth entrance.
 12049 | Lab      | Entered a labyrinth
 12090 | Lab      | Reached XP level 12. HP: 110/110 MP: 11/16
 12791 | Lab      | Reached skill level 1 in Dodging
 13266 | Lab      | Noticed a minotaur
 13277 | Lab      | Killed a minotaur
 13277 | Lab      | Reached skill level 15 in Axes
 13294 | Lab      | Got a steaming bone amulet
 13301 | Lab      | Identified the amulet "Seyf Geu" {Gourm -Tele Dex+8 SInv} (You found it in a labyrinth)
 14023 | Lair:2   | Reached skill level 12 in Fighting
 14462 | Lair:2   | Reached **** piety under Qazlal
 14495 | Lair:2   | Found the +8 whip "Snakebite" {curare, rPois}
 14542 | Lair:2   | Found a staircase to the Shoals.
 15121 | Lair:3   | Noticed a six-headed hydra
 15175 | Lair:3   | Reached skill level 5 in Dodging
 15199 | Lair:2   | Killed a six-headed hydra
 15199 | Lair:2   | Reached XP level 13. HP: 119/119 MP: 4/18
 16339 | Lair:4   | Reached skill level 13 in Fighting
 16638 | Lair:4   | Reached skill level 10 in Invocations
 16639 | Lair:4   | Found a hole to the Spider Nest.
 17374 | Lair:5   | Found a runed gate.
 17374 | Lair:5   | Found a runed gate.
 17374 | Lair:5   | Found a runed gate.
 17374 | Lair:5   | Noticed Mictavius's ghost (journeyman BaSk)
 17408 | Lair:5   | Reached skill level 14 in Fighting
 17465 | Lair:5   | Found a viscous altar of Jiyva.
 17465 | Lair:5   | Found a staircase to the Slime Pits.
 17746 | Lair:6   | Entered Level 6 of the Lair of Beasts
 17786 | Lair:6   | Noticed Josephine
 17794 | Lair:6   | Killed Josephine
 17813 | Lair:6   | Reached XP level 14. HP: 98/133 MP: 20/20
 18415 | Lair:6   | Reached ***** piety under Qazlal
 18779 | Lair:6   | Reached skill level 10 in Dodging
 18829 | Lair:6   | Found the +6 lightning scales {run, rElec}
 18832 | Lair:6   | PepeHands not a naga
 19440 | D:11     | Reached skill level 15 in Fighting
 20050 | D:12     | Noticed Harold
 20069 | D:12     | Killed Harold
 20091 | D:12     | Noticed Rupert
 20114 | D:12     | Killed Rupert
 20114 | D:12     | Reached skill level 5 in Shields
 21100 | D:13     | Noticed Azrael
 21115 | D:13     | Killed Azrael
 21162 | D:13     | Found a flagged portal.
 21171 | D:13     | Reached ****** piety under Qazlal
 21181 | Bailey   | Entered a bailey
 21774 | D:13     | Reached XP level 15. HP: 114/141 MP: 17/22
 22605 | D:14     | Noticed Roxanne
 22607 | D:14     | Found a portal to a secret trove of treasure.
 23014 | D:14     | Found a bloodstained altar of Trog.
 23163 | D:14     | Found a gate to the Vaults.
 23303 | D:15     | Entered Level 15 of the Dungeon
 23309 | D:15     | Found Mouloeru's Magic Scroll Shoppe.
 23441 | D:15     | Found Qaqaruni's Gadget Shoppe.
 23654 | D:15     | Found Qulan's Assorted Antiques.
 23661 | D:15     | Found Rov Mei's Assorted Antiques.
 23946 | D:4      | Bought +2 gold dragon scales for 1288 gold pieces
 23946 | D:4      | Bought a +1 shield of protection for 231 gold pieces
 23946 | D:4      | Bought a +0 cloak of magic resistance for 161 gold pieces
 24111 | D:8      | Reached skill level 16 in Fighting
 24692 | D:15     | Reached skill level 5 in Evocations
 24788 | D:14     | Identified 2 scrolls of acquirement
 24789 | D:14     | Got a warped broad axe
 24790 | D:14     | Identified the +3 broad axe of Honour {speed, +Rage MR+} (You acquired it on level 14 of the Dungeon)
 24791 | D:14     | bootleg arga
 24812 | D:15     | Bought a scroll of identify for 34 gold pieces
 24812 | D:15     | Bought a scroll of identify for 34 gold pieces
 24812 | D:15     | Bought a scroll of teleportation for 51 gold pieces
 24984 | D:15     | Found Xebben's Distillery.
 25287 | D:15     | Found a staircase to the Depths.
 25649 | Orc:1    | Entered Level 1 of the Orcish Mines
 25880 | Orc:2    | Entered Level 2 of the Orcish Mines
 25903 | Orc:2    | Found a staircase to the Elven Halls.
 26290 | Orc:2    | Found Tamiqeutt's General Store.
 26295 | Orc:2    | Found Fuonunis's Distillery.
 26614 | Orc:2    | Gained mutation: Your spells are a little easier to cast, but a little less powerful. [a neqoxec]
 26652 | Orc:2    | Reached XP level 16. HP: 58/152 MP: 14/24
 26834 | Orc:2    | Found Fafatt's Gadget Shoppe.
 26834 | Orc:2    | Found Cumpus's Antique Weapon Emporium.
 26834 | Orc:2    | Found a one-way gate leading to the halls of Pandemonium.
 27221 | Orc:1    | Found a roughly hewn altar of Beogh.
 27645 | Spider:1 | Entered Level 1 of the Spider Nest
 27789 | Spider:1 | Noticed Nikola
 27814 | Spider:1 | Killed Nikola
 28185 | Spider:1 | Noticed Donald
 28197 | Spider:1 | Killed Donald
 28556 | Spider:2 | Reached skill level 10 in Shields
 28575 | Spider:2 | Reached skill level 17 in Fighting
 28675 | Spider:2 | Found a runed door.
 28797 | Spider:2 | Got a spiked shield
 28808 | Spider:2 | Identified the +5 shield "Usuygg" {rElec rF+ Int-5 Dex+8} (You found it on level 2 of the Spider Nest)
 28859 | Spider:2 | Noticed shruggingcutely's ghost (adept MfIE)
 29039 | Spider:3 | Paralysed by a hornet for 3 turns
 29236 | Spider:3 | Got a transparent jade ring
 29307 | Spider:3 | Identified the ring "Daideome" {Ice Dex+3 SInv} (You found it on level 3 of the Spider Nest)
 29486 | Spider:3 | Noticed Louise
 29506 | Spider:3 | Killed Louise
 30400 | Spider:4 | Entered Level 4 of the Spider Nest
 30409 | Spider:4 | Reached skill level 15 in Armour
 30759 | Spider:4 | Reached XP level 17. HP: 129/162 MP: 26/26
 31233 | Spider:4 | Got a gossamer rune of Zot
 31677 | Shoals:1 | Entered Level 1 of the Shoals
 31698 | Shoals:1 | Reached skill level 18 in Fighting
 33244 | Shoals:3 | Noticed Polyphemus
 33247 | Shoals:3 | Noticed Aizul
 33257 | Shoals:2 | Reached XP level 18. HP: 145/174 MP: 27/27
 33338 | Shoals:3 | Found a frozen archway.
 33348 | IceCv    | Entered an ice cave
 33385 | IceCv    | Reached skill level 19 in Fighting
 33501 | IceCv    | Noticed an Ice Fiend
 33519 | IceCv    | Killed an Ice Fiend
 33698 | Shoals:3 | Noticed Kirke
 33709 | Shoals:3 | Killed Kirke
 33760 | Shoals:2 | Killed Aizul
 33984 | Shoals:3 | Killed Polyphemus
 34829 | Shoals:4 | Entered Level 4 of the Shoals
 34831 | Shoals:4 | Noticed Ilsuiw
 34859 | Shoals:3 | Killed Ilsuiw
 35437 | Shoals:4 | Reached skill level 20 in Fighting
 35474 | Shoals:4 | Got a barnacled rune of Zot
 36073 | Vaults:1 | Entered Level 1 of the Vaults
 36232 | Vaults:1 | Reached XP level 19. HP: 181/185 MP: 28/28
 36258 | Vaults:1 | Found a ruined gateway.
 36274 | Desolati | Entered the Desolation of Salt
 36599 | Desolati | Got a fine marble ring
 36630 | Desolati | Reached skill level 15 in Invocations
 36932 | Desolati | Identified Hedujy Joocs's Incunabulum of Evil Magic
 36999 | Desolati | Identified Sif Muna's Catalogue of Cankerous Darkness
 37004 | Desolati | Got a translucent chain mail
 37015 | Desolati | Identified the +4 chain mail "Mudom" {rN++ Int-3 Dex+6} (You found it in the Desolation of Salt)
 37027 | Desolati | Identified the ring "Qielaly" {+Inv rF+++ Int+3 Dex-5 SInv} (You took it off a ragged hierophant in the Desolation of Salt)
 37155 | Desolati | Identified a +0 pair of boots of running (You found it in the Desolation of Salt)
 37613 | Vaults:1 | Noticed a lich
 39008 | Vaults:2 | Reached XP level 20. HP: 183/195 MP: 30/30
 39420 | Vaults:2 | Reached skill level 21 in Fighting
 40050 | Vaults:3 | Found Zamod's Assorted Antiques.
 40438 | Vaults:3 | Bought a glowing hat for 280 gold pieces
 40438 | Vaults:3 | Bought a scroll of magic mapping for 140 gold pieces
 40858 | Vaults:3 | Found a staircase to the Crypt.
 41948 | Vaults:4 | Reached XP level 21. HP: 158/205 MP: 32/32
 43121 | Orc:2    | Bought a runed broad axe for 203 gold pieces
 43399 | Depths:1 | Entered Level 1 of the Depths
 43542 | Depths:1 | Reached skill level 15 in Shields
 43567 | Depths:1 | Found a magical portal.
 43617 | WizLab   | Entered Iskenderun's Mystic Tower
 44369 | WizLab   | Reached skill level 22 in Fighting
 44369 | WizLab   | Reached skill level 15 in Dodging
 44574 | WizLab   | Identified Iskenderun's Papyrus of Confrontation
 44574 | WizLab   | Identified Iskenderun's Tome of Attacks
 44798 | Depths:1 | Noticed a caustic shrike
 44816 | Depths:1 | Killed a caustic shrike
 44952 | Depths:1 | Found a gateway to Hell.
 45282 | Depths:2 | Noticed Jorgrun
 45307 | Depths:1 | Killed Jorgrun
 45559 | Depths:2 | Reached XP level 22. HP: 194/215 MP: 33/33
 45730 | Depths:2 | Found a large runed door.
 45927 | Depths:2 | Found a large runed door.
 45927 | Depths:2 | Noticed a juggernaut
 46145 | Depths:2 | Found a large runed door.
 46149 | Depths:2 | Found a large runed door.
 46179 | Depths:2 | Found a large runed door.
 46185 | Depths:2 | Found a large runed door.
 46319 | Depths:2 | Found a large runed door.
 46327 | Depths:2 | Found a large runed door.
 46837 | Depths:3 | Found Garyh's Jewellery Boutique.
 46838 | Depths:3 | Found Giazu's Gadget Shoppe.
 46839 | Depths:3 | Found Wuanomp's Jewellery Boutique.
 47320 | Depths:3 | Found a one-way gate to the infinite horrors of the Abyss.
 47959 | Depths:4 | Found a gateway to a ziggurat.
 48071 | Depths:4 | Noticed a golden dragon
 48092 | Depths:4 | Killed a golden dragon
 48094 | Depths:4 | Reached XP level 23. HP: 203/225 MP: 22/35
 48229 | Depths:4 | Reached skill level 23 in Fighting
 48717 | Depths:4 | Got a coiled marble ring
 48808 | Depths:4 | Identified the ring of Retoowie {Str+3 Int+2} (You found it on level 4 of the Depths)
 49002 | Depths:5 | Entered Level 5 of the Depths
 49063 | Depths:5 | Noticed a juggernaut
 49095 | Depths:5 | Killed a juggernaut
 49135 | Depths:5 | Noticed a juggernaut
 49310 | Depths:4 | Killed a juggernaut
 49437 | Depths:5 | Noticed a caustic shrike
 49455 | Depths:5 | Noticed a caustic shrike
 49460 | Depths:5 | Killed a caustic shrike
 49463 | Depths:5 | Killed a caustic shrike
 49465 | Depths:5 | Noticed a caustic shrike
 49475 | Depths:5 | Killed a caustic shrike
 50584 | Depths:5 | Found a gate to the Realm of Zot.
 50953 | Vaults:4 | hope I have enough Qazlal piety lol
 50953 | Vaults:4 | let's go disaster area
 50954 | Vaults:5 | Entered Level 5 of the Vaults
 50956 | Vaults:5 | gachigasm
 50960 | Vaults:5 | Reached XP level 24. HP: 236/236 MP: 28/35
 51456 | Vaults:5 | Reached skill level 24 in Fighting
 52210 | Vaults:5 | Reached skill level 1 in Translocations
 52247 | Vaults:5 | Noticed an ancient lich
 52288 | Vaults:5 | Killed an ancient lich
 52888 | Vaults:5 | Got a silver rune of Zot
 53197 | Vaults:5 | Identified the Collected Works on Confrontation
 53873 | Zot:1    | Entered Level 1 of the Realm of Zot
 53883 | Zot:1    | Reached XP level 25. HP: 234/247 MP: 36/36
 53935 | Zot:1    | Reached skill level 1 in Spellcasting
 54974 | Zot:2    | Reached skill level 5 in Translocations
 56074 | Zot:3    | Reached XP level 26. HP: 233/257 MP: 37/37
 56172 | Zot:3    | Noticed an orb of fire
 56184 | Zot:3    | Gained mutation: You are clumsy. (Dex -2) [an orb of fire]
 56185 | Zot:3    | Killed an orb of fire
 56211 | Zot:3    | well yeah that orb of fire had no chance
 56659 | Zot:3    | Reached skill level 25 in Fighting
 56897 | Zot:4    | Found a transporter.
 57259 | Zot:4    | Found a transporter.
 57373 | Zot:4    | Noticed an orb of fire
 57384 | Zot:4    | Noticed an orb of fire
 57408 | Zot:4    | Gained mutation: Your magical capacity is low. (-10% MP) [an orb of fire]
 57416 | Zot:4    | Gained mutation: You are partially covered in iridescent scales. (AC +2) [a cacodemon]
 57418 | Zot:4    | Gained mutation: Armour fits poorly on your strangely shaped body. [a cacodemon]
 57420 | Zot:4    | Killed an orb of fire
 57425 | Zot:4    | Gained mutation: You do not regenerate when monsters are visible. [an orb of fire]
 57600 | Zot:4    | Lost mutation: You are partially covered in iridescent scales. (AC +2) [potion of mutation]
 57600 | Zot:4    | Lost mutation: Armour fits poorly on your strangely shaped body. [potion of mutation]
 57600 | Zot:4    | Lost mutation: Your spells are a little easier to cast, but a little less powerful. [potion of mutation]
 57600 | Zot:4    | Gained mutation: Your movements are slightly less encumbered by armour. (ER -2) [potion of mutation]
 57600 | Zot:4    | Gained mutation: You are frail. (-10% HP) [potion of mutation]
 57600 | Zot:4    | Lost mutation: You are frail. (-10% HP) [potion of mutation]
 57601 | Zot:4    | Lost mutation: You are clumsy. (Dex -2) [potion of mutation]
 57601 | Zot:4    | Lost mutation: You do not regenerate when monsters are visible. [potion of mutation]
 57601 | Zot:4    | Lost mutation: Your magical capacity is low. (-10% MP) [potion of mutation]
 57601 | Zot:4    | Gained mutation: Your magical capacity is low. (-10% MP) [potion of mutation]
 57601 | Zot:4    | Gained mutation: You are partially covered in icy blue scales. (AC +2) [potion of mutation]
 57601 | Zot:4    | Gained mutation: Your mind is acute. (Int +2) [potion of mutation]
 57601 | Zot:4    | Gained mutation: You have sharp toenails. [potion of mutation]
 57623 | Zot:5    | Entered Level 5 of the Realm of Zot
 57687 | Zot:5    | Reached skill level 5 in Spellcasting
 57777 | Zot:5    | Noticed an ancient lich
 57784 | Zot:5    | Killed an ancient lich
 57973 | Zot:5    | Noticed an orb of fire
 57982 | Zot:5    | Gained mutation: You are frail. (-10% HP) [an orb of fire]
 57984 | Zot:5    | Lost mutation: Your mind is acute. (Int +2) [an orb of fire]
 57989 | Zot:5    | Killed an orb of fire
 58001 | Zot:5    | Noticed an ancient lich
 58023 | Zot:5    | Killed an ancient lich
 58033 | Zot:5    | Noticed an orb of fire
 58034 | Zot:5    | Gained mutation: Your body sometimes deteriorates upon taking damage. [an orb of fire]
 58037 | Zot:5    | Noticed an orb of fire
 58050 | Zot:5    | Killed an orb of fire
 58056 | Zot:5    | Killed an orb of fire
 58056 | Zot:5    | Reached XP level 27. HP: 239/239 MP: 33/33
 58114 | Zot:5    | Noticed an orb of fire
 58119 | Zot:5    | Gained mutation: Scrolls take you a little longer to read. [an orb of fire]
 58132 | Zot:5    | Gained mutation: Your magical capacity is very low. (-20% MP) [an orb of fire]
 58138 | Zot:5    | Gained mutation: Your body often deteriorates upon taking damage. [an orb of fire]
 58336 | Zot:5    | note to self: dont engage an orb of fire while there is a curse toe that can torment you
 58530 | Zot:5    | Noticed an orb of fire
 58536 | Zot:5    | Gained mutation: You are occasionally teleported next to monsters. [an orb of fire]
 58539 | Zot:5    | Noticed an orb of fire
 58541 | Zot:5    | ok, that teleportitis was wack
 58572 | Zot:5    | Lost mutation: Scrolls take you a little longer to read. [potion of mutation]
 58572 | Zot:5    | Lost mutation: You have sharp toenails. [potion of mutation]
 58572 | Zot:5    | Gained mutation: Your mind is acute. (Int +2) [potion of mutation]
 58572 | Zot:5    | Gained mutation: Scrolls take you a little longer to read. [an orb of fire]
 58572 | Zot:5    | Gained mutation: You tend to lose your temper in combat. [an orb of fire]
 58573 | Zot:5    | Lost mutation: You are frail. (-10% HP) [potion of mutation]
 58573 | Zot:5    | Lost mutation: Your magical capacity is very low. (-20% MP) [potion of mutation]
 58573 | Zot:5    | Lost mutation: Scrolls take you a little longer to read. [potion of mutation]
 58573 | Zot:5    | Lost mutation: Your mind is acute. (Int +2) [potion of mutation]
 58573 | Zot:5    | Gained mutation: You are clumsy. (Dex -2) [potion of mutation]
 58573 | Zot:5    | Gained mutation: You are resistant to hostile enchantments. (MR+) [potion of mutation]
 58584 | Zot:5    | Lost mutation: You are resistant to hostile enchantments. (MR+) [an orb of fire]
 58588 | Zot:5    | Killed an orb of fire
 58594 | Zot:5    | Killed an orb of fire
 58812 | Zot:3    | Lost mutation: You are clumsy. (Dex -2) [potion of mutation]
 58812 | Zot:3    | Lost mutation: You tend to lose your temper in combat. [potion of mutation]
 58812 | Zot:3    | Lost mutation: Your magical capacity is low. (-10% MP) [potion of mutation]
 58812 | Zot:3    | Gained mutation: You are weak. (Str -2) [potion of mutation]
 58812 | Zot:3    | Gained mutation: Your spells are a little harder to cast, but a little more powerful. [potion of mutation]
 58812 | Zot:3    | Gained mutation: You have supernaturally acute eyesight. (SInv) [potion of mutation]
 58813 | Zot:3    | Lost mutation: Your body often deteriorates upon taking damage. [potion of mutation]
 58813 | Zot:3    | Lost mutation: Your spells are a little harder to cast, but a little more powerful. [potion of mutation]
 58813 | Zot:3    | Lost mutation: Your body sometimes deteriorates upon taking damage. [potion of mutation]
 58813 | Zot:3    | Lost mutation: You are weak. (Str -2) [potion of mutation]
 58813 | Zot:3    | Lost mutation: You have supernaturally acute eyesight. (SInv) [potion of mutation]
 58813 | Zot:3    | Gained mutation: Your flesh is cold resistant. (rC+) [potion of mutation]
 58814 | Zot:3    | Lost mutation: You are occasionally teleported next to monsters. [potion of mutation]
 58814 | Zot:3    | Lost mutation: Your flesh is cold resistant. (rC+) [potion of mutation]
 58814 | Zot:3    | Lost mutation: Your movements are slightly less encumbered by armour. (ER -2) [potion of mutation]
 58814 | Zot:3    | Gained mutation: You are agile. (Dex +2) [potion of mutation]
 58814 | Zot:3    | Gained mutation: You are partially covered in molten scales. (AC +2) [potion of mutation]
 58814 | Zot:3    | Gained mutation: You have sharp toenails. [potion of mutation]
 58815 | Zot:3    | that was the last one
 58815 | Zot:3    | oh there is one in a shop nvm
 58872 | Zot:5    | Killed an orb of fire
 59013 | Zot:5    | Learned a level 2 spell: Blink
 59015 | Zot:5    | Learned a level 1 spell: Apportation
 59015 | Zot:5    | Got the Orb of Zot
 59372 | D:14     | Noticed Tofik the pandemonium lord
 59372 | D:14     | ok our first pan lord, let's see how he dies
 59377 | D:14     | Noticed Zaor the pandemonium lord
 59377 | D:14     | pan lord no 2, I didnt even kill the first one yet, maybe, just MAYBE I should run away
 59399 | D:14     | Killed Tofik the pandemonium lord
 59410 | D:14     | oh I forgot to say pan lord 1 down
 59416 | D:14     | Gained mutation: You are covered in fur. (AC +1) [a neqoxec]
 59422 | D:14     | Killed Zaor the pandemonium lord
 59422 | D:14     | Reached skill level 26 in Fighting
 59425 | D:14     | pan lord 2 gone
 59425 | D:14     | try 3 at a time next time bitches
 59742 | D:1      | well that orbrun was kinda boring tbh
 59756 | D:$      | Escaped with the Orb!

Vault maps used:
D:1:      minmay_arrival_hallway, minmay_misc_feat_plants
D:2:      grunt_decor_arrowhead, uniq_robin
D:3:      minmay_wonky_spiral, grunt_dithmenos_smoke, overflow_temple_1_default,
          kennysheep_pointless_box, kennysheep_jessica_study
D:4:      lemuel_coloured_pillars_altar, serial_shops, kennysheep_mini_moat,
          ebering_ghost_gozag
D:5:      minmay_temple_entry_butterflies, enter_ossuary_2, first_ration,
          st_stairs_14, hangedman_abyss_or_decor_jellyfish_corner
D:6:      serial_park, basic_altar
D:7:      the_bakery, grunt_ministairs_11, nrook_mini_vaults
D:8:      hangedman_cross_veins, minmay_crystal_room, uniq_grum, uniq_pikel
D:9:      lemuel_doored_altar, tgw_trog,
          chequers_temple_overflow_statue_of_worship, orc_david_3, uniq_maurice
D:10:     minmay_lair_entry_lava
D:12:     uniq_rupert, uniq_harold
D:13:     enter_bailey_2, uniq_azrael
D:14:     david_vaults_2, basic_altar, minmay_staircase_windowed_small,
          nicolae_trove_entry_free_sample, uniq_roxanne
D:15:     grunt_enter_depths_snipers, serial_shops, shop, shop, shop,
          nicolae_shop_window_shopping, nicolae_shop_overgrown_old_shop,
          palyth_stone_intersect
Temple:   eino_wide_crystal_templ
Lair:1:   special_room, infiniplex_staircase_pool, grunt_megastairs_1,
          lemuel_fruit_fields, uniq_gastronok, uniq_sonja
Lair:2:   minmay_guarded_unrand_snakebite, minmay_shoals_entry_hut,
          lab_entry_generic, serial_bayou_crossing, lemuel_fruit_fields
Lair:3:   nicolae_quartered_pool_medium, minivault_29, grunt_megastairs_3
Lair:4:   spider_nest_entry_rubble, beast_lair_carwin_7
Lair:5:   slime_altar_1, gammafunk_ghost_necromancy
Lair:6:   minmay_lair_end_enchanted_forest, minivault_27, serial_bayou_ford_a,
          patterned_corridor, uniq_josephine
Shoals:1: nicolae_shoals_loop_pool
Shoals:3: portal_ice_cave_entry_dragon, uniq_polyphemus, uniq_aizul, uniq_kirke
Shoals:4: shoals_end_simple, shoal_ilsuiw, kb_tengu_band
Spider:1: spider_trap, uniq_donald, uniq_nikola
Spider:2: ebering_ghost_reflecting_pool
Spider:3: uniq_louise
Spider:4: grunt_spider_rune_parallel
Orc:1:    basic_altar
Orc:2:    pf_orc_diabolical
Vaults:1: v_misc_33, vaults_room_glass_cross, v_alt_pattern_6,
          vaults_room_octagon, v_misc_29, vaults_room_door_ring,
          nicolae_vaults_what_the_h, v_misc_15,
          vaults_mumra_minichess_inversion, nicolae_vaults_specimen_jars,
          vaults_room_pool, vaults_dpeg_hooks,
          portal_desolation_entry_nicolae_slug
Vaults:2: nicolae_vaults_ninety_degrees, ontoclasm_vaults_ring_square,
          v_misc_26, vaults_room_ringed_pool, vaults_room_grid,
          nicolae_vaults_little_ls, ontoclasm_vaults_tryst,
          hangedman_vaults_restitches, ontoclasm_vaults_decontamination
Vaults:3: v_misc_11, v_misc_27, nicolae_vaults_gold_heap,
          nicolae_vaults_little_squares_2, v_pattern_4,
          nicolae_vaults_triangles, nicolae_vaults_circle_grid_a,
          vaults_dpeg_cross, minmay_crypt_entry_simple_sparse,
          hangedman_vaults_impose, nicolae_vaults_diagonal_hallway_8,
          serial_shops, nicolae_shop_window_shopping
Vaults:4: nicolae_vaults_little_squares_4, nicolae_vaults_circle_grid_a,
          nicolae_vaults_network_barrier, nicolae_vaults_network_quincunx,
          v_misc_32, v_misc_1, vaults_dpeg_ring, v_misc_1, v_misc_14,
          ontoclasm_vaults_idyll, nicolae_vaults_angled_halls,
          hangedman_vaults_impose, vaults_room_hangedman_quadrants, v_misc_13,
          vaults_room_door_hall
Depths:1: hell_entry, mu_enter_wizlab_5, hangedman_abyss_or_decor_stabs,
          minmay_checkered_concentric_circles
Depths:2: minmay_five_octagons, minmay_misc_feat_roman, grunt_hell_horde,
          uniq_jorgrun
Depths:3: kennysheep_cluttered_fort, hell_entry, grunt_pan_entry_sceptre,
          abyss_entry_small_statue_room, minmay_shop_grove,
          serial_bayou_shore_b, infiniplex_staircase_squiggle
Depths:4: vault_1, enter_ziggurat_a, grunt_pan_entry_in_and_out, hell_entry,
          minmay_misc_feat_pillars, abyss_entry_crystal, nicolae_lava_and_water
Depths:5: grunt_twist_and_shout, nicolae_abyss_entry_one_way_or_another,
          hell_entry, nrook_kobold_shadow_demons, serial_bayou_shore_b
Zot:1:    gammafunk_mikee_crab_dinner
Zot:3:    kennysheep_six_static_rooms
Zot:4:    gammafunk_dig_for_victory
Lab:      nicolae_lab_plus, nicolae_lab_grate_2, labyrinth_lava_lair, lab_hedge,
          nicolae_lab_starburst, nicolae_lab_very_dead_end, nicolae_lab_arrow,
          nicolae_lab_flowing_pool
Ossuary:  ossuary_boxes_badplayer
Bailey:   bailey_axe_2, bailey
IceCv:    ice_cave_tombish
WizLab:   wizlab_iskenderun

Skill      XL: |  1  2  3  4  5  6  7  8  9 10 11 12 13 14 15 16 17 18 19 20 21 22 23 24 25 26 27 |
---------------+----------------------------------------------------------------------------------+-----
Axes           | 3 4 5 6 9 10 11 13 14 16 18 | 18.0
Fighting       | 4 5 7 9 10 11 12 14 15 16 17 18 20 21 22 23 24 25 26 | 26.0
Armour         | 4 5 7 9 10 11 12 14 15 16 18 19 20 21 22 23 24 | 24.9
Invocations    | 1 4 5 7 8 10 11 12 13 14 15 16 17 18 19 21 22 23 24 | 24.1
Evocations     | 3 5 |  5.0
Dodging        | 5 9 10 11 12 13 14 15 16 17 18 19 20 | 20.6
Shields        | 6 8 10 11 14 15 | 15.0
Translocations | 2 6 9 |  9.1
Spellcasting   | 3 5 |  5.0

Action                   |  1- 3 |  4- 6 |  7- 9 | 10-12 | 13-15 | 16-18 | 19-21 | 22-24 | 25-27 || total
-------------------------+-------+-------+-------+-------+-------+-------+-------+-------+-------++-------
Melee: War axe           |    86 |    51 |   175 |   200 |       |       |       |       |       ||   512
       Headbutt          |    14 |    29 |    66 |   177 |   435 |   413 |   569 |   463 |   336 ||  2502
       Trident           |       |   183 |   209 |   489 |       |       |       |       |       ||   881
       Whip              |       |       |       |    32 |  1296 |       |       |       |       ||  1328
       Broad axe         |       |       |       |       |   223 |  1713 |  1983 |  1850 |  1175 ||  6944
Invok: Upheaval          |       |       |     1 |    18 |    19 |    15 |     5 |    14 |     9 ||    81
       Disaster Area     |       |       |       |       |     1 |     5 |     6 |     6 |     1 ||    19
       Elemental Force   |       |       |       |       |       |       |     1 |     1 |     2 ||     4
 Abil: Evoke Berserk Rag |       |       |       |       |       |       |     1 |       |       ||     1
Evoke: Wand              |       |       |     8 |     9 |     8 |     1 |       |     5 |       ||    31
       Lightning rod     |       |       |       |       |       |       |       |     2 |       ||     2
       Phial of floods   |       |       |       |       |       |       |       |     2 |       ||     2
       Box of beasts     |       |       |       |       |       |       |       |       |     8 ||     8
  Use: Potion            |     1 |       |     2 |     2 |     1 |     1 |     3 |     3 |    16 ||    29
       Scroll            |       |     6 |     4 |    15 |    16 |     9 |     9 |    12 |    16 ||    87
 Stab: Paralysed         |       |       |       |     3 |       |       |       |       |       ||     3
       Distracted        |       |       |       |       |       |       |     2 |     1 |       ||     3
  Eat: Chunk             |       |     9 |     6 |    30 |    29 |    28 |    28 |    21 |    16 ||   167
       Ration            |       |       |     5 |     4 |       |     1 |     1 |     2 |     1 ||    14
Armor: Scale mail        |    45 |    78 |    78 |   180 |   181 |       |       |       |       ||   562
       Skin              |     6 |       |       |       |       |       |       |       |       ||     6
       Gold dragon scale |       |       |       |       |    60 |   809 |   427 |   606 |   383 ||  2285
Dodge: Dodged            |    36 |    55 |    79 |   152 |   307 |   313 |   238 |   324 |   353 ||  1857
       Deflected         |       |       |       |       |    26 |    36 |    26 |    20 |    25 ||   133
Block: Shield            |    42 |    76 |   155 |   435 |   902 |  1433 |  1048 |  1236 |  1139 ||  6466

Table legend:
 A = Spawn XP
 B = Non-spawn XP
 C = Spawn XP percentage of total XP
 D = Spawn monster count
 E = Non-spawn monster count
 F = Spawn count percentage of total count
 G = Total turns spent on level
                    A         B        C        D         E        F      G
               +---------+---------+-------+---------+---------+-------+---------
         Total |       0 | 1606390 |   0.0 |       0 |    2548 |   0.0 | 59756
               +---------+---------+-------+---------+---------+-------+---------
           D:1 |       0 |      44 |   0.0 |       0 |      21 |   0.0 |   935
           D:2 |       0 |     101 |   0.0 |       0 |      32 |   0.0 |   822
           D:3 |       0 |     379 |   0.0 |       0 |      34 |   0.0 |  1671
           D:4 |       0 |    1285 |   0.0 |       0 |      31 |   0.0 |  1201
           D:5 |       0 |     607 |   0.0 |       0 |      26 |   0.0 |   630
           D:6 |       0 |     409 |   0.0 |       0 |      15 |   0.0 |   979
           D:7 |       0 |    1461 |   0.0 |       0 |      34 |   0.0 |  1556
           D:8 |       0 |    6651 |   0.0 |       0 |      39 |   0.0 |  1225
           D:9 |       0 |    1668 |   0.0 |       0 |      37 |   0.0 |  1168
          D:10 |       0 |    2176 |   0.0 |       0 |      25 |   0.0 |  1243
          D:11 |       0 |    5108 |   0.0 |       0 |      36 |   0.0 |   847
          D:12 |       0 |   10090 |   0.0 |       0 |      47 |   0.0 |   998
          D:13 |       0 |   12346 |   0.0 |       0 |      47 |   0.0 |  1249
          D:14 |       0 |   13539 |   0.0 |       0 |      43 |   0.0 |  1616
          D:15 |       0 |   14464 |   0.0 |       0 |      45 |   0.0 |  1293
        Lair:1 |       0 |    9503 |   0.0 |       0 |      41 |   0.0 |  1418
        Lair:2 |       0 |   13430 |   0.0 |       0 |      52 |   0.0 |  1601
        Lair:3 |       0 |    5236 |   0.0 |       0 |      37 |   0.0 |  1111
        Lair:4 |       0 |   10087 |   0.0 |       0 |      22 |   0.0 |  1025
        Lair:5 |       0 |    8874 |   0.0 |       0 |      19 |   0.0 |   812
        Lair:6 |       0 |   16885 |   0.0 |       0 |      74 |   0.0 |  1261
      Shoals:1 |       0 |   17100 |   0.0 |       0 |      35 |   0.0 |   692
      Shoals:2 |       0 |   27136 |   0.0 |       0 |      52 |   0.0 |  1176
      Shoals:3 |       0 |   31682 |   0.0 |       0 |      57 |   0.0 |   978
      Shoals:4 |       0 |   34457 |   0.0 |       0 |      57 |   0.0 |   999
      Spider:1 |       0 |   15092 |   0.0 |       0 |      29 |   0.0 |   864
      Spider:2 |       0 |    6438 |   0.0 |       0 |      18 |   0.0 |   669
      Spider:3 |       0 |   18475 |   0.0 |       0 |      47 |   0.0 |  1301
      Spider:4 |       0 |   39347 |   0.0 |       0 |     103 |   0.0 |  1127
         Orc:1 |       0 |    5890 |   0.0 |       0 |      47 |   0.0 |   499
         Orc:2 |       0 |   18325 |   0.0 |       0 |      85 |   0.0 |  1534
      Vaults:1 |       0 |   47540 |   0.0 |       0 |      88 |   0.0 |  1482
      Vaults:2 |       0 |   27257 |   0.0 |       0 |      38 |   0.0 |  1453
      Vaults:3 |       0 |   56243 |   0.0 |       0 |      93 |   0.0 |  1393
      Vaults:4 |       0 |   70618 |   0.0 |       0 |      89 |   0.0 |  2222
      Vaults:5 |       0 |  165245 |   0.0 |       0 |     144 |   0.0 |  1892
      Depths:1 |       0 |   57195 |   0.0 |       0 |      60 |   0.0 |   933
      Depths:2 |       0 |   74367 |   0.0 |       0 |      93 |   0.0 |  1295
      Depths:3 |       0 |   42846 |   0.0 |       0 |      65 |   0.0 |  1139
      Depths:4 |       0 |   62442 |   0.0 |       0 |      61 |   0.0 |  1541
      Depths:5 |       0 |   98925 |   0.0 |       0 |      74 |   0.0 |  1790
         Zot:1 |       0 |   73045 |   0.0 |       0 |      39 |   0.0 |   942
         Zot:2 |       0 |   59896 |   0.0 |       0 |      40 |   0.0 |  1020
         Zot:3 |       0 |   78356 |   0.0 |       0 |      44 |   0.0 |   905
         Zot:4 |       0 |   56543 |   0.0 |       0 |      35 |   0.0 |  1142
         Zot:5 |       0 |  196785 |   0.0 |       0 |      68 |   0.0 |  1075
           Lab |       0 |    4105 |   0.0 |       0 |      13 |   0.0 |  1557
       Ossuary |       0 |     392 |   0.0 |       0 |      37 |   0.0 |   666
        Bailey |       0 |     352 |   0.0 |       0 |      34 |   0.0 |   303
         IceCv |       0 |   10393 |   0.0 |       0 |      25 |   0.0 |   338
        WizLab |       0 |   32849 |   0.0 |       0 |      35 |   0.0 |  1135
    Desolation |       0 |   42711 |   0.0 |       0 |      86 |   0.0 |   977
               +---------+---------+-------+---------+---------+-------+---------
